 Dungeon Crawl Stone Soup version 0.28.0 (webtiles) character file.

Game seed: 5082085780968248924

788 Spectrina the Covert (level 7, -1/40 HPs)
             Began as a Vampire Delver on Feb 15, 2022.
             Was a Follower of Okawaru.
             Slain by a killer bee (4 damage)
             ... on level 8 of the Dungeon.
             The game lasted 00:20:32 (1418 turns).

Spectrina the Covert (Vampire Delver)               Turns: 1418, Time: 00:20:32

Health: -1/40      AC:  3    Str:  9 (11) XL:     7   Next: 56%
Magic:  9/11       EV: 13    Int: 10 (14) God:    Okawaru [*.....]
Gold:   15         SH:  0    Dex: 11 (16) Spells: 4/11 levels left

rFire   . . .      SeeInvis +   l - +2 short sword (speed)
rCold   + + .      Faith    .   (no shield)
rNeg    + + +      Spirit   .   b - +0 leather armour
rPois   ∞          Reflect  .   (no helmet)
rElec   .          Harm     .   (no cloak)
rCorr   .          Rampage  .   (no gloves)
Will    .....                   (no boots)
Stlth   +++++++...              (no amulet)
HPRegen 0.00/turn               (no ring)
MPRegen 0.12/turn               (no ring)

@: heroic, bloodless, inhibited regen
A: bloodless, fangs 3, see invisible, vampiric 2
a: Bat Form, Revivify, Renounce Religion, Heroism


You were on level 8 of the Dungeon.
You worshipped Okawaru.
Okawaru was aware of your devotion.
You visited 2 branches of the dungeon, and saw 8 of its levels.

You collected 63 gold pieces.
You spent 48 gold pieces at shops.

Inventory:

Hand Weapons
 a - a +0 short sword
 l - a +2 short sword of speed (weapon)
Missiles
 k - 26 bolts
 m - 17 sling bullets
 n - 53 arrows
 o - 28 stones (quivered)
Armour
 b - a +0 leather armour (worn)
Jewellery
 s - a ring of positive energy
Wands
 g - a wand of digging (3)
Scrolls
 c - a scroll of fog
 d - a scroll of magic mapping
 h - a scroll of immolation
 i - 3 scrolls of amnesia
 p - a scroll of teleportation
 r - 2 scrolls of noise
Potions
 f - a potion of haste
 j - a potion of flight
 q - a potion of resistance
 t - a potion of degeneration


   Skills:
 - Level 2.6(7.6) Fighting
 - Level 5.0(10.0) Short Blades
 - Level 2.1(7.1) Dodging
 - Level 10.0(15.0) Stealth
 + Level 2.9 Spellcasting
 + Level 2.3 Conjurations
 + Level 3.0 Air Magic


You had 4 spell levels left.
You knew the following spells:

 Your Spells              Type           Power      Damage    Failure   Level
a - Static Discharge      Conj/Air       6%         N/A       19%         2
q - Lightning Bolt        Conj/Air       3%         1d14      98%         5

Your spell library contained the following spells:

 Spells                   Type           Power      Damage    Failure   Level
 Maxwell's Capacitive Co  Air            3%         ∞         100%        8


Dungeon Overview and Level Annotations

Branches:
Dungeon (9/15)             Temple (1/1) D:6
   Lair: D:8-11         Orc: D:9-12

Altars:
Ashenzari
Cheibriados
Dithmenos
Elyvilon
Fedhas
Gozag
Hepliaklqana
Kikubaaqudgha
Makhleb
Nemelex Xobeh
Okawaru
Qazlal
Ru
Sif Muna
Trog
Uskayaw
Vehumet
Wu Jian
Xom
Yredelemnul
Zin

Shops:
D:6 [   D:8 ?


Innate Abilities, Weirdness & Mutations

You do not regenerate when monsters are visible.
You are frail without blood (-20% HP).
You can heal yourself when you bite living creatures.
You are immune to poison.
You have razor-sharp teeth.
You have supernaturally acute eyesight. (SInv)
You are afflicted with vampirism and can become a bat while bloodless.


Message History

You miss the killer bee. The killer bee misses you.
You hit the killer bee.
The killer bee is lightly wounded.
You closely miss the killer bee.
The killer bee is lightly wounded.
The killer bee stings you.
* * * LOW HITPOINT WARNING * * *
You barely miss the killer bee.
The killer bee is lightly wounded.
The killer bee completely misses you.
You hit the killer bee. You bite the killer bee.
The killer bee is heavily wounded.
The killer bee misses you.
You miss the killer bee.
The killer bee is heavily wounded.
The killer bee stings you.
* * * LOW HITPOINT WARNING * * *
You hit the killer bee.
The killer bee is heavily wounded.
You barely miss the killer bee.
The killer bee is heavily wounded.
The killer bee barely misses you.
You hit the killer bee. Your bite misses the killer bee.
The killer bee is severely wounded.
The killer bee misses you.
You miss the killer bee.
The killer bee is severely wounded.
The killer bee stings you but does no damage.
You hit the killer bee but do no damage.
Your bite misses the killer bee.
The killer bee is severely wounded.
The killer bee closely misses you.
You hit the killer bee but do no damage.
You bite the killer bee.
The killer bee is severely wounded.
You barely miss the killer bee.
You punch the killer bee, but do no damage.
The killer bee is severely wounded.
The killer bee stings you.
You die...

# #.......# #
##.....## #
##.#### ##.# #..#
##.## # ###..####
#########.......##
##.............y@#
#.....###.......##
####### #.......#
#......## ##.....#
#######


You could see a killer bee.

Vanquished Creatures
  2 water moccasins
  A black bear (D:5)
  A necrophage (D:5)
  A bullfrog (D:8)
  2 scorpions (D:5)
  A howler monkey (D:5)
  A centaur zombie (D:7)
  2 hounds
  An iguana (D:6)
  An orc wizard (D:9)
  A hound zombie (D:5)
  An adder skeleton (D:5)
  A dart slug (D:4)
  6 orcs
  A ball python (D:4)
  A quokka (D:4)
  A ball python zombie (D:3)
  2 kobolds (D:4)
  A quokka skeleton (D:3)
  A rat (D:3)
29 creatures vanquished.

Vanquished Creatures (others)
  12 plants (D:6)
12 creatures vanquished.

Grand Total: 41 creatures vanquished

Notes
Turn   | Place    | Note
-------+----------+-------------------------------------------
     0 | D:5      | Spectrina the Vampire Delver began the quest for the Orb.
     0 | D:5      | Reached XP level 1. HP: 17/17 MP: 1/1
    66 | D:4      | Noticed a bullfrog
   195 | D:4      | Reached XP level 2. HP: 18/18 MP: 2/2
   199 | D:5      | Noticed a scorpion
   222 | D:5      | Killed a scorpion
   223 | D:5      | Reached skill level 8 in Stealth
   223 | D:5      | Gained mutation: You are afflicted with vampirism and can
                  | become a bat while bloodless. [Vampire growth]
   223 | D:5      | Reached XP level 3. HP: 15/22 MP: 3/3
   223 | D:5      | Reached XP level 4. HP: 19/27 MP: 4/4
   226 | D:5      | Learned a level 2 spell: Static Discharge
   295 | D:5      | Noticed a scorpion
   375 | D:5      | Noticed a necrophage
   379 | D:5      | Reached XP level 5. HP: 15/31 MP: 4/6
   381 | D:5      | Killed a necrophage
   382 | D:5      | Reached skill level 9 in Stealth
   382 | D:5      | Reached skill level 1 in Spellcasting
   382 | D:5      | Reached skill level 1 in Conjurations
   382 | D:5      | Reached skill level 1 in Air Magic
   411 | D:5      | Noticed an ogre
   449 | D:6      | Reached XP level 6. HP: 16/36 MP: 6/8
   518 | D:6      | Found a staircase to the Ecumenical Temple.
   527 | Temple   | Entered the Ecumenical Temple
   708 | Temple   | Became a worshipper of Warmaster Okawaru
   949 | D:5      | Learned a level 5 spell: Lightning Bolt
  1026 | D:6      | Found a bloodstained altar of Trog.
  1026 | D:6      | Noticed an ice beast
  1046 | D:6      | Found Ufase's Armour Emporium.
  1066 | D:6      | You fall into a shaft and drop 3 floors!
  1102 | D:9      | Reached XP level 7. HP: 4/40 MP: 10/10
  1116 | D:8      | Noticed a wraith
  1118 | D:8      | Reached * piety under Okawaru
  1153 | D:8      | Found Vanocw's Magic Scroll Emporium.
  1161 | D:8      | Bought a scroll of identify for 24 gold pieces
  1161 | D:8      | Bought a scroll of identify for 24 gold pieces
  1200 | D:8      | Reached skill level 5 in Short Blades
  1273 | D:7      | Reached skill level 10 in Stealth
  1290 | D:7      | Noticed a boulder beetle
  1418 | D:8      | Slain by a killer bee

Illustrated notes

Levels and vault maps discovered:
D:3:      layout_loops_ring, general_overflow_altar, serial_undead,
          serial_undead_a, serial_undead_e, serial_undead_c, serial_undead_e,
          uniq_ijyb
D:4:      layout_rooms, minmay_fire_ice_demons
D:5:      layout_basic, nicolae_underground_beach
D:6:      wad_woods_stonehenge, layout_basic, lemuel_temple_firewalk_a,
          serial_shops, nicolae_shop_advertising_works
          [nicolae_subvault_shop_adworks], minivault_4, kb_rosetta
D:7:      layout_rooms
D:8:      layout_cave_pods, serial_shops, shop_scrolls, kennysheep_small_square
D:9:      layout_loops_ring, dpeg_lair_monsters, orc_0_dummy,
          kennysheep_kite_vault, uniq_erolcha
Temple:   mainiacjoe_temple_hex_bubbles

Skill      XL: |  1  2  3  4  5  6  7 |
---------------+----------------------+-----
Short Blades   | 3 4 5 |  5.0
Stealth        | 8 9 10 | 10.0
Spellcasting   | 1 2 |  2.9
Conjurations   | 1 2 |  2.3
Air Magic      | 1 2 3 |  3.0
Fighting       | |  2.6
Dodging        | |  2.1

Action                   |  1- 3 |  4- 6 |  7- 9 || total
-------------------------+-------+-------+-------++-------
Melee: Short sword       |    25 |    80 |    35 ||   140
       Bite              |     3 |    11 |     3 ||    17
       Punch             |       |     3 |     1 ||     4
 Cast: Static Discharge  |       |     1 |       ||     1
Invok: Heroism           |       |       |     2 ||     2
 Abil: Exsanguinate      |     1 |       |       ||     1
       End Transformatio |       |       |     1 ||     1
       Bat Form          |       |       |     1 ||     1
  Use: Potion            |       |     2 |     1 ||     3
       Scroll            |       |       |     6 ||     6
 Stab: Sleeping          |     7 |     5 |     2 ||    14
Armor: Leather armour    |     1 |     4 |     5 ||    10
Dodge: Dodged            |     8 |    29 |    19 ||    56
